Map: Oceanborn LE

Players

SUFAN

  • Race: Protoss Protoss
  • Spawn Location: 5:00

demzi - Winner!

  • Race: Zerg Zerg
  • League: Silver
  • Spawn Location: 11:00

VOD

Have the link to the VOD?

Description

Time

  • Played on: March 20, 2024, 6:16 p.m.
  • Length: 9:23
Show
View Real Time Build Order
Export as new Build Order

SUFAN Protoss 

Build Orders: Blink Stalkers 

Get SALT Encoding   

  12  0:00  Probe  
  13  0:12  Probe  
  14  0:22  Pylon  
  14  0:24  Probe  
  15  0:40  Probe (Chrono Boost)  
  15  0:42  Gateway  
  16  0:52  Probe (Chrono Boost)  
  16  0:54  Assimilator  
  17  0:57  Probe (Chrono Boost)  
  17  1:04  Assimilator  
  18  1:06  Probe  
  18  1:10  Pylon  
  19  1:18  Probe (Chrono Boost)  
  20  1:30  Probe (Chrono Boost)  
  21  1:33  Cybernetics Core  
  21  1:38  Probe (Chrono Boost)  
  22  1:45  Probe  
  23  2:01  Nexus  
  23  2:09  Stalker  
  23  2:10  Warp Gate  
  25  2:23  Twilight Council  
  25  2:31  Forge  
  25  2:34  Probe  
  26  2:40  Stalker  
  28  2:52  Pylon  
  28  2:54  Probe  
  29  3:07  Probe (Chrono Boost)  
  30  3:16  Probe (Chrono Boost)  
  31  3:25  Protoss Ground Weapons Level 1 (Chrono Boost)  
  31  3:26  Probe (Chrono Boost)  
  32  3:29  Blink  
  32  3:31  Probe (Chrono Boost)  
  32  3:33  Probe  
  34  3:43  Probe  
  34  3:45  Probe  
  36  3:54  Robotics Facility  
  36  3:55  Probe  
  37  3:57  Probe  
  37  3:59  Gateway  
  38  4:07  Assimilator, Probe  
  38  4:09  Probe  
  40  4:13  Pylon  
  40  4:19  Probe  
  40  4:21  Probe  
  43  4:31  Probe  
  43  4:33  Probe  
  44  4:43  Probe  
  45  4:46  Gateway, Probe  
  45  4:48  Gateway  
  45  4:49  Gateway  
  46  4:56  Gateway  
  46  4:58  Pylon  
  46  5:02  Pylon  
  46  5:06  Protoss Ground Armor Level 1 (Chrono Boost), Stalker x2  
  50  5:08  Pylon  
  50  5:14  Warp Prism  
  52  5:30  Stalker x2  
  52  5:31  Shield Battery  
  56  5:51  Observer  
  56  5:53  Photon Cannon  
  56  5:56  Stalker  
  59  5:57  Stalker x4  
  59  5:58  Stalker  
  69  6:09  Pylon  
  69  6:11  Probe, Pylon  
  70  6:33  Stalker x2  
  70  6:34  Stalker x4  
  82  6:50  Protoss Ground Weapons Level 2 (Chrono Boost)  
  82  6:58  Stalker x6  
  94  7:06  Nexus  
  92  7:18  Pylon  
  92  7:21  Pylon  
  84  7:49  Stalker x2  
  84  7:50  Stalker x4  
  46  8:17  Shield Battery x2  
  46  8:18  Probe  
  47  8:20  Stalker x3  
  47  8:21  Stalker x2  
  57  8:30  Assimilator, Probe  
  58  8:40  Pylon, Stalker  
  60  8:42  Probe  
  60  8:43  Pylon  
  61  8:49  Probe  
  61  8:54  Probe  
  63  8:57  Stalker x4  
  63  8:58  Stalker  
  63  9:02  Probe  
  74  9:07  Probe  
Show
View Real Time Build Order
Export as new Build Order

demzi Zerg - Winner!

Build Orders: Hatch First 

Get SALT Encoding   

  12  0:00  Drone  
  13  0:13  Overlord  
  13  0:16  Drone  
  14  0:26  Overlord  
  14  0:32  Drone  
  15  0:36  Drone  
  16  0:57  Hatchery  
  15  1:08  Extractor  
  14  1:15  Drone x2  
  16  1:21  Spawning Pool  
  15  1:26  Drone  
  15  1:28  Drone  
  17  1:37  Drone  
  18  1:47  Drone  
  19  1:58  Drone  
  20  2:08  Queen  
  20  2:12  Queen  
  20  2:13  Zergling x4  
  26  2:20  Drone  
  26  2:21  Drone  
  28  2:30  Drone  
  28  2:32  Drone  
  30  2:41  Drone  
  30  2:42  Drone  
  32  2:50  Queen  
  34  2:52  Overlord x2  
  34  3:02  Drone  
  34  3:04  Drone  
  35  3:21  Drone x8  
  35  3:25  Extractor  
  35  3:26  Extractor  
  40  3:41  Lair  
  40  3:46  Hatchery  
  40  3:47  Roach Warren  
  38  3:50  Evolution Chamber  
  38  3:52  Drone  
  38  3:54  Evolution Chamber  
  37  3:57  Drone x2  
  37  3:58  Drone  
  37  4:01  Drone  
  41  4:08  Drone x4  
  45  4:19  Zerg Missile Weapons Level 1  
  45  4:20  Zerg Ground Armor Level 1  
  45  4:22  Overlord  
  45  4:24  Drone  
  45  4:25  Drone  
  45  4:29  Overlord  
  45  4:30  Overlord  
  47  4:44  Overlord  
  47  4:45  Glial Reconstitution  
  47  4:47  Roach x4  
  47  4:50  Roach  
  57  5:00  Drone x6  
  63  5:08  Pneumatized Carapace  
  63  5:12  Overseer  
  63  5:15  Drone x6  
  63  5:21  Overlord  
  69  5:26  Roach  
  71  5:32  Drone  
  71  5:33  Drone x6  
  78  5:36  Extractor  
  78  5:37  Extractor  
  76  5:48  Drone x3  
  76  5:49  Drone x2  
  81  5:57  Overseer  
  81  6:01  Overlord x4  
  81  6:06  Roach x8  
  81  6:09  Ravager  
  98  6:19  Zerg Missile Weapons Level 2  
  98  6:21  Zerg Ground Armor Level 2  
  98  6:24  Hatchery  
  97  6:44  Hydralisk Den  
  97  6:46  Roach x10  
  97  6:47  Roach  
  116  7:11  Roach  
  116  7:12  Roach x8  
  127  7:20  Roach  
  127  7:22  Overlord x4  
  129  7:30  Overlord x2  
  129  7:31  Overlord x2  
  129  7:49  Roach x12  
  129  7:50  Roach  
  133  8:03  Roach  
  133  8:04  Roach x4  
  131  8:10  Queen  
  129  8:19  Roach x2  
  143  8:20  Roach x5  
  143  8:31  Overlord  
  143  8:32  Overlord  
  143  8:35  Drone x2  
  143  8:36  Drone x5  
  143  8:39  Extractor  
  149  8:41  Extractor  
  149  8:46  Roach x6  
Tags
 
Composition
Blink Stalkers
League
Silver
Matchup
PvZ
Replay Pack
Multiplayer
Spawn Locations
Cross Positions
Add a new tag
Caveats
  • Supply blocks, unpowered buildings, or Contaminate may cause inaccurate times.
  • Supply counts are checked every 10 seconds.